NWL (28 & UNDER)
SAN DIEGO SMASHERS @ BISMARCK BARONS
07/14/2026
 
TOP OF THE 1ST
San Diego Smashers batting - Pitching for Bismarck Barons : RHP Francisco Anaya
Pitching: RHP Francisco Anaya
Batting: LHB Karl Hill 0-0: Ball
1-0: Called Strike
1-1: Swinging Strike
1-2: Fly out, F7 (Flyball, 7LS)
Batting: RHB António López 0-0: Ball
1-0: Foul Ball, location: 2F
1-1: Ground out 1-3 (Groundball, 23)
Batting: RHB Phil White 0-0: Swinging Strike
0-1: Called Strike
0-2: Ball
1-2: Strikes out swinging
Top of the 1st over - 0 run(s), 0 hit(s), 0 error(s), 0 left on base; San Diego 0 - Bismarck 0
BOTTOM OF THE 1ST
Bismarck Barons batting - Pitching for San Diego Smashers : RHP Carlos Trujillo
Pitching: RHP Carlos Trujillo
Batting: RHB Herb Bunch 0-0: Swinging Strike
0-1: Swinging Strike
0-2: Foul Ball, location: 2F
0-2: Ball
1-2: Foul Ball, location: 2F
1-2: Strikes out looking
Batting: RHB Roberto García 0-0: Fly out, F5 (Popup, 25)
Batting: RHB Norm Francis 0-0: Called Strike
0-1: Swinging Strike
0-2: Ball
1-2: Ball
2-2: Foul Ball, location: 2F
2-2: Ball
3-2: Foul Ball, location: 2F
3-2: Foul Ball, location: 2F
3-2: Ground out 5-3 (Groundball, 56)
Bottom of the 1st over - 0 run(s), 0 hit(s), 0 error(s), 0 left on base; San Diego 0 - Bismarck 0
TOP OF THE 2ND
San Diego Smashers batting - Pitching for Bismarck Barons : RHP Francisco Anaya
Batting: RHB Marty Hendrickson 0-0: Called Strike
0-1: Ball
1-1: Swinging Strike
1-2: Strikes out swinging
Batting: SHB Chris Woods 0-0: Ball
1-0: Ball
2-0: Foul Ball, location: 2F
2-1: DOUBLE (Line Drive, 8RM)
Batting: RHB Fred Ameris 0-0: Ball
1-0: Foul Ball, location: 2F
1-1: Ball
2-1: Called Strike
2-2: 2-RUN HOME RUN (Flyball, 7D), Distance : 373 ft
Batting: LHB Ramiro Martínez 0-0: Fly out, F7 (Flyball, 7S)
Batting: RHB Fletcher Reed 0-0: Ground out 4-3 (Groundball, 4)
Top of the 2nd over - 2 run(s), 2 hit(s), 0 error(s), 0 left on base; San Diego 2 - Bismarck 0
BOTTOM OF THE 2ND
Bismarck Barons batting - Pitching for San Diego Smashers : RHP Carlos Trujillo
Batting: LHB Edwin Ryan 0-0: Called Strike
0-1: Foul Ball, location: 2F
0-2: Strikes out swinging
Batting: RHB Seiji Kouno 0-0: SINGLE (Line Drive, 34D)
Batting: SHB Manuel Hegnauer 0-0: SINGLE (Groundball, 6M)
Seiji Kouno to second
Batting: LHB Manny Salazar 0-0: Foul Ball, location: 2F
0-1: Foul Ball, location: 2F
0-2: SINGLE (Groundball, 56D)
Seiji Kouno to third
Manuel Hegnauer to second
Runner from 3rd tries for Home, SAFE, throw made home
Manuel Hegnauer to third
Manny Salazar to second
Batting: SHB Jeff Chambers 0-0: Ball
1-0: Ball
2-0: Ball
3-0: Base on Balls
Batting: LHB Jorge Fernández 0-0: Ball
1-0: Fly out, F8 (Line Drive, 78D)
Runner from 3rd tags up, SCORES, no throw
Batting: RHB Herb Bunch 0-0: Ball
1-0: Ball
2-0: Foul Ball, location: 2F
2-1: Foul Ball, location: 2F
2-2: Foul Ball, location: 2F
2-2: Fly out, F8 (Flyball, 8RM)
Bottom of the 2nd over - 2 run(s), 3 hit(s), 0 error(s), 2 left on base; San Diego 2 - Bismarck 2
TOP OF THE 3RD
San Diego Smashers batting - Pitching for Bismarck Barons : RHP Francisco Anaya
Batting: SHB Adrián Nieto 0-0: Called Strike
0-1: Swinging Strike
0-2: Ball
1-2: Fly out, F7 (Flyball, 7D)
Batting: LHB Karl Hill 0-0: Called Strike
0-1: Swinging Strike
0-2: Ball
1-2: Hit by Pitch
Batting: RHB António López 0-0: Ball
1-0: Called Strike
1-1: Ball
2-1: Ball
3-1: Hit by Pitch
Karl Hill to second
Batting: RHB Phil White 0-0: Swinging Strike
0-1: Swinging Strike
0-2: Foul Ball, location: 2F
0-2: Ball
1-2: Foul Ball, location: 2F
1-2: Foul Ball, location: 2F
1-2: Strikes out swinging
Batting: RHB Marty Hendrickson 0-0: Called Strike
0-1: Ball
1-1: Ball
2-1: Foul Ball, location: 2F
2-2: 3-RUN HOME RUN (Flyball, 7LD), Distance : 331 ft
Batting: SHB Chris Woods 0-0: Swinging Strike
0-1: Foul Ball, location: 2F
0-2: Ball
1-2: SINGLE (Groundball, 34D)
Batting: RHB Fred Ameris 0-0: Ball
1-0: Called Strike
1-1: Foul Ball, location: 2F
1-2: Ball
2-2: Strikes out swinging
Top of the 3rd over - 3 run(s), 2 hit(s), 0 error(s), 1 left on base; San Diego 5 - Bismarck 2
BOTTOM OF THE 3RD
Bismarck Barons batting - Pitching for San Diego Smashers : RHP Carlos Trujillo
Batting: RHB Roberto García 0-0: Ball
1-0: Swinging Strike
1-1: Ball
2-1: Ball
3-1: Fly out, F9 (Line Drive, 9M)
Batting: RHB Norm Francis 0-0: Ball
1-0: Ball
2-0: Ball
3-0: Base on Balls
Batting: LHB Edwin Ryan 0-0: Ball
1-0: Ball
2-0: Ball
3-0: Base on Balls
Norm Francis to second
Batting: RHB Seiji Kouno 0-0: Called Strike
0-1: Swinging Strike
0-2: Foul Ball, location: 2F
0-2: Ball
1-2: Ball
2-2: SINGLE (Groundball, 56D)
Norm Francis to third
Edwin Ryan to second
Runner from 3rd tries for Home, SAFE, no throw or cutoff
Batting: SHB Manuel Hegnauer 0-0: Ball
1-0: Ball
2-0: Foul Ball, location: 2F
2-1: Foul Ball, location: 2F
2-2: Foul Ball, location: 2F
2-2: 3-RUN HOME RUN (Line Drive, 9D), Distance : 346 ft
Batting: LHB Manny Salazar 0-0: Called Strike
0-1: Swinging Strike
0-2: Strikes out swinging wild pitch, reaches first!
Batting: SHB Jeff Chambers 0-0: Ball
1-0: Called Strike
1-1: Foul Ball, location: 2F
1-2: Ball
2-2: Foul Ball, location: 2F
2-2: Fly out, F7 (Flyball, 7M)
Batting: LHB Jorge Fernández 0-0: Called Strike
0-1: Swinging Strike
0-2: Ball
1-2: Strikes out swinging
Bottom of the 3rd over - 4 run(s), 2 hit(s), 0 error(s), 1 left on base; San Diego 5 - Bismarck 6
TOP OF THE 4TH
San Diego Smashers batting - Pitching for Bismarck Barons : RHP Francisco Anaya
Batting: LHB Ramiro Martínez 0-0: SINGLE (Line Drive, 7S)
Batting: RHB Fletcher Reed 0-0: Ball
1-0: SINGLE (Line Drive, 9S)
Ramiro Martínez to second
Batting: SHB Adrián Nieto 0-0: Ball
1-0: Ball
2-0: Called Strike
2-1: Foul Ball, location: 2F
2-2: Strikes out swinging
Batting: LHB Karl Hill 0-0: Ball
1-0: Called Strike
1-1: Ball
2-1: Ball
3-1: Base on Balls
Ramiro Martínez to third
Fletcher Reed to second
Batting: RHB António López 0-0: Ball
1-0: Ball
2-0: Ball
3-0: Called Strike
3-1: Foul Ball, location: 2F
3-2: Base on Balls
Ramiro Martínez scores
Fletcher Reed to third
Karl Hill to second
Batting: RHB Phil White 0-0: Ball
1-0: Ball
2-0: Called Strike
2-1: Swinging Strike
2-2: Ball
3-2: Base on Balls
Fletcher Reed scores
Karl Hill to third
António López to second
Batting: RHB Marty Hendrickson 0-0: Called Strike
0-1: Ball
1-1: Called Strike
1-2: Foul Ball, location: 2F
1-2: Foul Ball, location: 2F
1-2: Strikes out swinging
Batting: SHB Chris Woods 0-0: Foul Ball, location: 2F
0-1: Foul Ball, location: 2F
0-2: Fly out, F9 (Flyball, 9M)
Top of the 4th over - 2 run(s), 2 hit(s), 0 error(s), 3 left on base; San Diego 7 - Bismarck 6
BOTTOM OF THE 4TH
Bismarck Barons batting - Pitching for San Diego Smashers : RHP Carlos Trujillo
Pitching: RHP Wayne Walker
Batting: RHB Herb Bunch 0-0: Called Strike
0-1: Ground out 5-3 (Groundball, 56S)
Batting: RHB Roberto García 0-0: Ball
1-0: Called Strike
1-1: Foul Ball, location: 2F
1-2: Ball
2-2: Fly out, F4 (Popup, 3L)
Batting: RHB Norm Francis 0-0: Ball
1-0: Foul Ball, location: 2F
1-1: Ball
2-1: Fly out, F7 (Line Drive, 78M)
Bottom of the 4th over - 0 run(s), 0 hit(s), 0 error(s), 0 left on base; San Diego 7 - Bismarck 6
TOP OF THE 5TH
San Diego Smashers batting - Pitching for Bismarck Barons : RHP Francisco Anaya
Pitching: LHP Christiano Gomes
Batting: RHB Fred Ameris 0-0: Ball
1-0: Ball
2-0: Called Strike
2-1: Ball
3-1: Called Strike
3-2: Base on Balls
Batting: LHB Ramiro Martínez 0-0: Called Strike
0-1: Ball
1-1: Swinging Strike
1-2: Ball
2-2: Strikes out swinging
Batting: RHB Fletcher Reed 0-0: Called Strike
0-1: Fly out, F6 (Popup, 56D)
Batting: SHB Adrián Nieto 0-0: Swinging Strike
0-1: Ball
1-1: Ground out 4-3 (Groundball, 4)
Top of the 5th over - 0 run(s), 0 hit(s), 0 error(s), 1 left on base; San Diego 7 - Bismarck 6
BOTTOM OF THE 5TH
Bismarck Barons batting - Pitching for San Diego Smashers : RHP Wayne Walker
Batting: LHB Edwin Ryan 0-0: Ball
1-0: Ball
2-0: SINGLE (Popup, 6D)
Batting: RHB Seiji Kouno 0-0: SINGLE (Flyball, 7S)
Edwin Ryan to second
Batting: SHB Manuel Hegnauer 0-0: Fly out, F8 (Flyball, 8LD)
Batting: LHB Manny Salazar 0-0: Ball
1-0: Called Strike
1-1: Ball
2-1: Called Strike
2-2: Ball
3-2: Fly out, F8 (Flyball, 8LM)
Batting: SHB Jeff Chambers 0-0: Ball
1-0: Fly out, F7 (Flyball, 7D)
Bottom of the 5th over - 0 run(s), 2 hit(s), 0 error(s), 2 left on base; San Diego 7 - Bismarck 6
TOP OF THE 6TH
San Diego Smashers batting - Pitching for Bismarck Barons : LHP Christiano Gomes
Batting: LHB Karl Hill 0-0: Swinging Strike
0-1: Ball
1-1: Swinging Strike
1-2: Ball
2-2: Foul Ball, location: 2F
2-2: Ball
3-2: Foul Ball, location: 2F
3-2: Strikes out swinging
Batting: RHB António López 0-0: Ball
1-0: Swinging Strike
1-1: Foul Ball, location: 2F
1-2: Foul Ball, location: 2F
1-2: Ball
2-2: Ball
3-2: Fly out, F7 (Flyball, 78S)
Batting: RHB Phil White 0-0: Ball
1-0: Foul Ball, location: 2F
1-1: Fly out, F4 (Popup, 4MD)
Top of the 6th over - 0 run(s), 0 hit(s), 0 error(s), 0 left on base; San Diego 7 - Bismarck 6
BOTTOM OF THE 6TH
Bismarck Barons batting - Pitching for San Diego Smashers : RHP Wayne Walker
Batting: LHB Jorge Fernández 0-0: Ball
1-0: Foul Ball, location: 2F
1-1: SINGLE (Groundball, 4MD)
Batting: RHB Herb Bunch 0-0: Called Strike
0-1: Foul Ball, location: 2F
0-2: Strikes out swinging
Batting: RHB Roberto García 0-0: Ball
1-0: Foul Ball, location: 2F
1-1: Swinging Strike
1-2: 2-RUN HOME RUN (Flyball, 78XD), Distance : 371 ft
Batting: RHB Norm Francis 0-0: Swinging Strike
0-1: Fly out, F7 (Line Drive, 7S)
Batting: LHB Edwin Ryan 0-0: Ball
1-0: Ball
2-0: SINGLE (Line Drive, 8LS)
Batting: RHB Seiji Kouno 0-0: Swinging Strike
0-1: Ball
1-1: Ground out 6-3 (Groundball, 6)
Bottom of the 6th over - 2 run(s), 3 hit(s), 0 error(s), 1 left on base; San Diego 7 - Bismarck 8
TOP OF THE 7TH
San Diego Smashers batting - Pitching for Bismarck Barons : LHP Christiano Gomes
Pitching: RHP Armando Torres
Batting: RHB Marty Hendrickson 0-0: Ball
1-0: Foul Ball, location: 2F
1-1: Foul Ball, location: 2F
1-2: Fly out, F8 (Flyball, 8LD)
Batting: SHB Chris Woods 0-0: Ball
1-0: Called Strike
1-1: Called Strike
1-2: Strikes out looking
Batting: RHB Fred Ameris 0-0: Ball
1-0: Ball
2-0: Fly out, F1 (Line Drive, 13)
Top of the 7th over - 0 run(s), 0 hit(s), 0 error(s), 0 left on base; San Diego 7 - Bismarck 8
BOTTOM OF THE 7TH
Bismarck Barons batting - Pitching for San Diego Smashers : RHP Wayne Walker
Pitching: RHP Joe Shoemaker
Batting: SHB Manuel Hegnauer 0-0: Called Strike
0-1: Ball
1-1: Fly out, F2 (Popup, 2LF)
Batting: LHB Manny Salazar 0-0: Swinging Strike
0-1: Called Strike
0-2: Ball
1-2: Ball
2-2: Ball
3-2: Base on Balls
Batting: SHB Jeff Chambers 0-0: Ball
Manny Salazar steals 2nd base
1-0: Ball
2-0: DOUBLE (Line Drive, 9LM)
Manny Salazar scores
Batting: LHB Jorge Fernández 0-0: Called Strike
0-1: Foul Ball, location: 2F
0-2: Foul Ball, location: 2F
0-2: Strikes out swinging
Batting: RHB Herb Bunch 0-0: Ball
1-0: Swinging Strike
1-1: Ground out 1-3 (Groundball, 13S)
Bottom of the 7th over - 1 run(s), 1 hit(s), 0 error(s), 1 left on base; San Diego 7 - Bismarck 9
TOP OF THE 8TH
San Diego Smashers batting - Pitching for Bismarck Barons : RHP Armando Torres
Batting: LHB Ramiro Martínez 0-0: Ball
1-0: Called Strike
1-1: Ball
2-1: SINGLE (Groundball, 4MD)
Pitching: RHP Gene McNeil
Batting: RHB Fletcher Reed 0-0: Ball
1-0: Called Strike
1-1: Ball
2-1: Grounds into double play, 5-4-3 (Groundball, 56)
Batting: SHB Adrián Nieto 0-0: Called Strike
0-1: Ball
1-1: Ball
2-1: Swinging Strike
2-2: Foul Ball, location: 2F
2-2: SINGLE (Groundball, 34D)
Batting: LHB Karl Hill 0-0: Ball
1-0: Fielders Choice at 2nd, U6 (Groundball, 6M)
Top of the 8th over - 0 run(s), 2 hit(s), 0 error(s), 1 left on base; San Diego 7 - Bismarck 9
BOTTOM OF THE 8TH
Bismarck Barons batting - Pitching for San Diego Smashers : RHP Joe Shoemaker
Batting: RHB Roberto García 0-0: Ball
1-0: Ball
2-0: Foul Ball, location: 2F
2-1: Ball
3-1: Base on Balls
Batting: RHB Norm Francis 0-0: Ball
1-0: Ball
2-0: Ball
3-0: Called Strike
3-1: Foul Ball, location: 2F
3-2: Base on Balls
Roberto García to second
Batting: LHB Edwin Ryan 0-0: Ball
1-0: Called Strike
1-1: Ball
2-1: Ball
3-1: Base on Balls
Roberto García to third
Norm Francis to second
Batting: RHB Seiji Kouno 0-0: Ball
1-0: Foul Ball, location: 2F
1-1: Ball
2-1: Called Strike
2-2: Foul Ball, location: 2F
2-2: SINGLE (Line Drive, 89S)
Roberto García scores
Norm Francis to third
Edwin Ryan to second
Batting: SHB Manuel Hegnauer 0-0: Called Strike
0-1: Foul Ball, location: 2F
0-2: Foul Ball, location: 2F
0-2: SINGLE (Flyball, 9S)
Norm Francis scores
Edwin Ryan to third
Seiji Kouno to second
Runner from 3rd tries for Home, SAFE, no throw or cutoff
Pitching: RHP Cedric Sherston
Batting: LHB Manny Salazar 0-0: Sac Bunt - play at first, batter OUT! 1-3
Seiji Kouno to third
Manuel Hegnauer to second
Batting: SHB Jeff Chambers 0-0: Reached on Error, E7 (Flyball, 7S)
Seiji Kouno scores
Manuel Hegnauer to third
Batting: LHB Jorge Fernández 0-0: Swinging Strike
0-1: Hit by Pitch
Jeff Chambers to second
Batting: RHB Herb Bunch 0-0: Ball
1-0: Fly out, F9 (Flyball, 9LMF)
Runner from 3rd tags up, SCORES, throw made
Batting: RHB Roberto García 0-0: Ball
1-0: Ball
2-0: Called Strike
2-1: Ball
3-1: SINGLE (Groundball, 56D)
Jeff Chambers to third
Jorge Fernández to second
Runner from 3rd tries for Home, SAFE, no throw or cutoff
Batting: RHB Norm Francis 0-0: Foul Ball, location: 2F
0-1: Ball
1-1: Swinging Strike
1-2: Strikes out looking
Bottom of the 8th over - 6 run(s), 3 hit(s), 1 error(s), 2 left on base; San Diego 7 - Bismarck 15
TOP OF THE 9TH
San Diego Smashers batting - Pitching for Bismarck Barons : RHP Gene McNeil
Batting: RHB António López 0-0: Called Strike
0-1: SINGLE (Line Drive, 34)
Batting: RHB Phil White 0-0: Called Strike
0-1: Ball
1-1: Ball
2-1: Fly out, F7 (Flyball, 7D)
Batting: RHB Marty Hendrickson 0-0: 2-RUN HOME RUN (Line Drive, 8LXD), Distance : 419 ft
Batting: SHB Chris Woods 0-0: Foul Ball, location: 2F
0-1: Ball
1-1: Ball
2-1: Foul Ball, location: 2F
2-2: Fly out, F6 (Line Drive, 6)
Batting: RHB Fred Ameris 0-0: Called Strike
0-1: Ground out 6-3 (Groundball, 6M)
Top of the 9th over - 2 run(s), 2 hit(s), 0 error(s), 0 left on base; San Diego 9 - Bismarck 15
Monday, December 5th, 2016 - OOTP Baseball 17.12 Build 75